[Event "Titled Tuesday Blitz August 15 Early 2023"]
[White "Rosenberg, Evan S"]
[Black "slimshady"]
[WhiteFideId "2019299"]
[WhiteElo "2440"]
[BlackElo "2285"]
[Result "1-0"]
[Round "9"]
[TimeControl "180+1"]
[Date "2023.08.15"]
[WhiteClock "0:00:06"]
[BlackClock "0:01:11"]
[Board "127"]

1. d4 Nf6 2. Nf3 d5 3. c3 Bf5 4. Qb3 b6 5. c4 e6 6. Nc3 c6 7. g3 Nbd7 8. Bg2 Be7 9. O-O O-O 10. Nh4 Bg6 11. Nxg6 hxg6 12. Rd1 Rc8 13. e4 dxe4 14. Nxe4 Nxe4 15. Bxe4 Nf6 16. Bg2 Qd7 17. Bf4 Rfd8 18. a4 Bd6 19. Be5 Ne8 20. a5 Qc7 21. axb6 axb6 22. Bxd6 Nxd6 23. Ra6 Rb8 24. Rda1 c5 25. Ra7 Qc8 26. d5 e5 27. h4 Rd7 28. R7a6 Rdb7 29. Kh2 f5 30. Qc3 Qe8 31. b3 Qe7 32. Re1 e4 33. Qe3 Qe5 34. f3 Re7 35. fxe4 fxe4 36. Ra2 Rf8 37. Rf2 Rxf2 38. Qxf2 e3 39. Qf4 Nf5 40. Qxe5 Rxe5 41. g4 Nxh4 42. Kg3 Nxg2 43. Kxg2 Kf7 44. Kf3 Re7 45. Rxe3 Ra7 46. Re6 Ra1 47. Rxb6 Rb1 48. Ke4 Ke7 49. Kf4 Kf7 50. Kg5 Rb2 51. Rb7+ Ke8 52. Kxg6 Kd8 53. g5 Kc8 54. Rb5 Kd7 55. Kxg7 Kd6 56. g6 Ke5 57. Kg8 Kf6 58. g7 Rg2 59. Rb6+ Ke5 60. Kf8 Rf2+ 61. Ke7 Rg2 62. Kf7 Rf2+ 63. Kg8 Rg2 64. Re6+ Kd4 65. d6 Kc3 66. d7 1-0


[Site "https://www.chess.com"]

[Event "Titled Tuesday Blitz August 15 Early 2023"]
[White "Mrudul Dehankar"]
[Black "Juicy_Fork"]
[WhiteFideId "25096990"]
[WhiteElo "2432"]
[BlackElo "2272"]
[Result "1-0"]
[Round "9"]
[TimeControl "180+1"]
[Date "2023.08.15"]
[WhiteClock "0:01:29"]
[BlackClock "0:00:35"]
[Board "128"]

1. e4 e5 2. Nf3 Nc6 3. Bb5 a6 4. Ba4 d6 5. c3 Bd7 6. d4 g6 7. O-O Bg7 8. Re1 Nf6 9. d5 Ne7 10. Bc2 O-O 11. c4 Nh5 12. Nc3 h6 13. Nh4 Nf4 14. g3 Nh3+ 15. Kg2 g5 16. Nf5 Nxf5 17. exf5 Nf4+ 18. gxf4 exf4 19. Qd3 Bf6 20. Bd2 Kh8 21. Rab1 b5 22. Qh3 Kh7 23. Ne4 g4 24. Qh5 Be5 25. f6 f3+ 26. Kh1 Rh8 27. Qxh6+ 1-0


[Site "https://www.chess.com"]

[Event "Titled Tuesday Blitz August 15 Early 2023"]
[White "agvania123"]
[Black "Kielinkei"]
[WhiteElo "2259"]
[BlackElo "2414"]
[Result "1/2-1/2"]
[Round "9"]
[TimeControl "180+1"]
[Date "2023.08.15"]
[WhiteClock "0:00:26"]
[BlackClock "0:00:02"]
[Board "129"]

1. c4 e5 2. Nc3 Nc6 3. Nf3 d6 4. e3 f5 5. d4 e4 6. d5 Ne5 7. Nxe5 dxe5 8. Be2 Nf6 9. O-O Bd6 10. b3 O-O 11. Bb2 f4 12. exf4 exf4 13. f3 e3 14. Bd3 Qe8 15. Qe2 Qh5 16. Rad1 Bf5 17. a3 Be5 18. b4 Rfe8 19. c5 Rad8 20. Nb5 Bxb2 21. Qxb2 Bxd3 22. Rxd3 Nxd5 23. Qa2 Kh8 24. Rfd1 c6 25. Nd6 Re7 26. Qb2 Kg8 27. a4 Qe5 28. Qb3 Rxd6 29. cxd6 Qxd6 30. Rxd5 cxd5 31. Rxd5 Qe6 32. Rd8+ Kf7 33. Qxe6+ Kxe6 34. Kf1 Rd7 35. Re8+ Kf7 36. Re4 g5 37. g3 Rd1+ 38. Ke2 Rd2+ 39. Ke1 fxg3 40. hxg3 Ra2 41. a5 e2 42. Rxe2 Rxe2+ 43. Kxe2 h5 44. Ke3 Kf6 45. Ke4 Ke6 46. b5 b6 47. a6 Kf6 48. f4 gxf4 49. Kxf4 Kg6 50. Ke3 Kg5 51. Kf3 Kf5 52. Kg2 Kg4 53. Kf2 Kg5 54. Ke3 Kg4 55. Kf2 Kg5 56. Kf3 Kf5 57. Kg2 Kg4 58. Kf2 1/2-1/2


[Site "https://www.chess.com"]

[Event "Titled Tuesday Blitz August 15 Early 2023"]
[White "Rozhkov, Viacheslav"]
[Black "Fajdetic, Hrvoje"]
[WhiteFideId "4181484"]
[BlackFideId "14501945"]
[WhiteElo "2397"]
[BlackElo "2260"]
[Result "1-0"]
[Round "9"]
[TimeControl "180+1"]
[Date "2023.08.15"]
[WhiteClock "0:00:38"]
[BlackClock "0:00:00"]
[Board "130"]

1. e4 c5 2. Nf3 a6 3. c3 d5 4. exd5 Qxd5 5. d4 Nf6 6. Be2 Bg4 7. O-O e6 8. h3 Bh5 9. Be3 Nbd7 10. c4 Qd6 11. Nc3 Be7 12. Qd2 cxd4 13. Nxd4 Bxe2 14. Qxe2 O-O 15. Rfd1 Qc7 16. Rac1 Rfd8 17. Na4 Nc5 18. Nxc5 Bxc5 19. a3 Rd7 20. b4 Ba7 21. Nb3 Bxe3 22. Qxe3 Rxd1+ 23. Rxd1 Rd8 24. Rxd8+ Qxd8 25. Nc5 Qc8 26. Qd4 h6 27. Qd6 Ne8 28. Qb6 a5 29. Qxb7 Qd8 30. Qd7 Qa8 31. b5 Nf6 32. Qc7 Ne4 33. Qb7 Qxb7 34. Nxb7 a4 35. c5 Kf8 36. c6 Ke7 37. b6 1-0


[Site "https://www.chess.com"]

[Event "Titled Tuesday Blitz August 15 Early 2023"]
[White "Sarkar, Justin"]
[Black "Frayna, Janelle Mae"]
[WhiteFideId "2010011"]
[BlackFideId "5212499"]
[WhiteElo "2251"]
[BlackElo "2392"]
[Result "0-1"]
[Round "9"]
[TimeControl "180+1"]
[Date "2023.08.15"]
[WhiteClock "0:00:00"]
[BlackClock "0:00:47"]
[Board "131"]

1. d4 Nf6 2. c4 g6 3. Nc3 d5 4. Qb3 dxc4 5. Qxc4 Bg7 6. e4 O-O 7. Nf3 a6 8. e5 b5 9. Qb3 Nfd7 10. e6 fxe6 11. Ng5 Nb6 12. Be3 Nd5 13. a4 h6 14. Nge4 b4 15. Na2 Nc6 16. Qd1 e5 17. dxe5 Nxe5 18. Bd4 Bf5 19. Ng3 Bg4 20. f3 Bxf3 21. Qd2 Qd6 0-1


[Site "https://www.chess.com"]

[Event "Titled Tuesday Blitz August 15 Early 2023"]
[White "Fernandez Garcia, Gumersindo"]
[Black "Clawitter, Craig"]
[WhiteFideId "24516740"]
[BlackFideId "2023105"]
[WhiteElo "2385"]
[BlackElo "2246"]
[Result "1-0"]
[Round "9"]
[TimeControl "180+1"]
[Date "2023.08.15"]
[WhiteClock "0:00:47"]
[BlackClock "0:00:00"]
[Board "132"]

1. e4 e6 2. d4 d5 3. Nd2 Be7 4. Ngf3 Nf6 5. Bd3 c5 6. exd5 Qxd5 7. O-O cxd4 8. Bc4 Qd8 9. Nb3 Nc6 10. Nbxd4 Nxd4 11. Qxd4 Qxd4 12. Nxd4 a6 13. a4 Bd7 14. Rd1 Rc8 15. b3 Bb4 16. Bb2 Ke7 17. c3 Bc5 18. Re1 Rhd8 19. Rad1 Kf8 20. a5 Bxd4 21. Rxd4 Bb5 22. Rxd8+ Rxd8 23. Ba3+ Ke8 24. Bxb5+ axb5 25. g3 Rd3 26. Bb2 Nd5 27. c4 Rxb3 28. cxd5 Rxb2 29. dxe6 fxe6 30. Rxe6+ Kd7 31. Rb6 b4 32. Rxb7+ Kc6 33. Rxg7 b3 34. Kg2 Rb1 35. a6 1-0


[Site "https://www.chess.com"]

[Event "Titled Tuesday Blitz August 15 Early 2023"]
[White "Korpics, Zsolt"]
[Black "Fernandez Hernandez, Gerardo"]
[WhiteFideId "705241"]
[BlackFideId "2207400"]
[WhiteElo "2378"]
[BlackElo "2241"]
[Result "1/2-1/2"]
[Round "9"]
[TimeControl "180+1"]
[Date "2023.08.15"]
[WhiteClock "0:00:11"]
[BlackClock "0:00:07"]
[Board "133"]

1. e4 e6 2. d4 d5 3. Bd3 c5 4. exd5 exd5 5. dxc5 Bxc5 6. Nf3 Nf6 7. O-O O-O 8. Bg5 h6 9. Bh4 Nc6 10. Nc3 Bg4 11. h3 Bh5 12. g4 Bg6 13. Bxg6 fxg6 14. Bxf6 Qxf6 15. Qxd5+ Kh7 16. Qxc5 Qxf3 17. Qe3 Rae8 18. Qxf3 Rxf3 19. Kg2 Rff8 20. Rad1 Re7 21. Rd2 Ne5 22. Nd5 Ref7 23. f4 Nc4 24. Rd4 Rd8 25. Rfd1 Rxd5 26. Rxd5 Ne3+ 27. Kf3 Nxd1 28. Rxd1 g5 29. f5 g6 30. Ke4 Re7+ 31. Kd3 gxf5 32. gxf5 Kg7 33. Rf1 Kf6 34. c4 Rd7+ 35. Ke4 Rd2 36. b4 Rxa2 37. Rd1 Re2+ 38. Kf3 Re5 39. Rd6+ Kxf5 40. Rxh6 a5 41. bxa5 Rxa5 42. Rb6 Rc5 43. Rxb7 Rxc4 44. Rb5+ Kf6 45. Rb3 Kf5 46. Ra3 Rb4 47. Kg3 Rc4 48. Rf3+ Kg6 49. Ra3 Rd4 50. Ra5 Rd3+ 51. Kg4 Rd4+ 52. Kf3 Rd3+ 53. Kg2 Rd2+ 54. Kf3 Rd3+ 55. Kg2 Rd2+ 56. Kg3 Rd3+ 57. Kh2 Rd2+ 58. Kh1 Rd1+ 59. Kg2 Rd2+ 1/2-1/2


[Site "https://www.chess.com"]

[Event "Titled Tuesday Blitz August 15 Early 2023"]
[White "Jakubowska, Anna"]
[Black "Liu, Leonardo"]
[WhiteFideId "1121952"]
[BlackFideId "30965780"]
[WhiteElo "2367"]
[BlackElo "2239"]
[Result "1-0"]
[Round "9"]
[TimeControl "180+1"]
[Date "2023.08.15"]
[WhiteClock "0:02:25"]
[BlackClock "0:02:23"]
[Board "134"]

1. e4 c5 2. Nf3 g6 3. d4 cxd4 4. Qxd4 Nf6 5. e5 Nc6 6. Qa4 Nd5 7. c4 Nb6 8. Qb3 d5 9. exd6 Qxd6 10. Qc3 Qb4 11. Bd2 a5 12. Qxh8 1-0


[Site "https://www.chess.com"]

[Event "Titled Tuesday Blitz August 15 Early 2023"]
[White "Thiel, Thomas"]
[Black "Topalov, Aleksandar"]
[WhiteFideId "4615964"]
[BlackFideId "925659"]
[WhiteElo "2235"]
[BlackElo "2362"]
[Result "1/2-1/2"]
[Round "9"]
[TimeControl "180+1"]
[Date "2023.08.15"]
[WhiteClock "0:00:59"]
[BlackClock "0:00:53"]
[Board "135"]

1. e4 e6 2. d4 d5 3. Nc3 Bb4 4. e5 Qd7 5. a3 Bxc3+ 6. bxc3 b6 7. Qg4 f5 8. Qg3 Qf7 9. Nf3 h6 10. h4 Ba6 11. h5 Bxf1 12. Kxf1 Nc6 13. a4 Nge7 14. Ba3 Rg8 15. Kg1 Na5 16. Bxe7 Qxe7 17. Nh4 O-O-O 18. Ng6 Qd7 19. Qf3 Kb8 20. Rh3 Nc4 21. Qd3 a5 22. Nf4 Nb2 23. Qb5 Qxb5 24. axb5 Rde8 25. Rg3 Re7 26. Rg6 Rge8 27. f3 Nc4 28. Kf2 Kb7 29. Ke2 c6 30. bxc6+ Kxc6 31. Kd3 a4 32. Ke2 a3 33. Nd3 Ra8 34. Nb4+ Kb5 35. Kd3 Nb2+ 36. Kd2 Nc4+ 37. Kd3 Nb2+ 38. Kd2 Nc4+ 39. Kd3 1/2-1/2


[Site "https://www.chess.com"]

[Event "Titled Tuesday Blitz August 15 Early 2023"]
[White "Amanov, Zhanibek"]
[Black "Vaglio Munoz, Jaime"]
[WhiteFideId "13700189"]
[BlackFideId "6500145"]
[WhiteElo "2356"]
[BlackElo "2235"]
[Result "1-0"]
[Round "9"]
[TimeControl "180+1"]
[Date "2023.08.15"]
[WhiteClock "0:00:09"]
[BlackClock "0:00:12"]
[Board "136"]

1. e4 c5 2. Nf3 Qa5 3. c3 Nc6 4. Bc4 e6 5. O-O b5 6. Bb3 Nf6 7. e5 Ng8 8. d4 c4 9. Bc2 Bb7 10. Be3 Nge7 11. Nbd2 Nd5 12. Ne4 Be7 13. Bg5 Bf8 14. Nfd2 h6 15. Bh4 g5 16. Bg3 Be7 17. Qh5 O-O-O 18. a4 b4 19. Nxc4 Qa6 20. Bd3 Kb8 21. f4 gxf4 22. Bxf4 Nxf4 23. Rxf4 bxc3 24. bxc3 Na5 25. Ned2 Bd5 26. Rb1+ Kc7 27. Qe2 Nxc4 28. Bxc4 Bxc4 29. Qxc4+ Qc6 30. Rxf7 Qxc4 31. Nxc4 Bg5 32. Nd6 Rb8 33. Rxb8 Be3+ 34. Kf1 Rxb8 35. Ke2 Bg1 36. Nb5+ Kc6 37. h3 a6 38. Nd6 Rb2+ 39. Kd3 Bh2 40. g4 Rg2 41. Rf8 Rg3+ 42. Kc4 Rxh3 43. a5 Rxc3+ 44. Kxc3 Kd5 45. Ra8 Bg1 46. Rxa6 Bxd4+ 47. Kd3 Bxe5 48. Nf7 Bf4 49. Ra7 d6 50. a6 e5 51. Rd7 e4+ 52. Ke2 Be5 53. Nxe5 Kxe5 54. Re7+ Kf4 55. a7 d5 56. a8=Q d4 57. Qxe4+ Kg5 58. Qf5+ Kh4 59. Qh5+ Kg3 60. Qe5+ Kh4 61. Qxd4 h5 62. gxh5+ Kg5 63. Re5+ Kf6 64. Qd6+ Kg7 65. Re7+ Kf8 66. Qd8# 1-0


[Site "https://www.chess.com"]

[Event "Titled Tuesday Blitz August 15 Early 2023"]
[White "arturdailima"]
[Black "le-castor-faineant"]
[WhiteElo "2352"]
[BlackElo "2195"]
[Result "1/2-1/2"]
[Round "9"]
[TimeControl "180+1"]
[Date "2023.08.15"]
[WhiteClock "0:00:13"]
[BlackClock "0:00:09"]
[Board "137"]

1. e4 e5 2. Nf3 Nf6 3. Nxe5 d6 4. Nf3 Nxe4 5. Qe2 Qe7 6. Nc3 Nxc3 7. dxc3 Nc6 8. Be3 Bg4 9. O-O-O O-O-O 10. h3 Bh5 11. g4 Bg6 12. Bg2 Kb8 13. Kb1 Qd7 14. Nd4 Nxd4 15. Bxd4 h5 16. f4 hxg4 17. hxg4 Rxh1 18. Bxh1 f5 19. g5 Re8 20. Qf3 c6 21. c4 Qe6 22. b3 Qe2 23. Kb2 Bh5 24. Qxe2 Rxe2 25. Rd3 g6 26. Bf6 Kc7 27. Bf3 Bxf3 28. Rxf3 Rh2 29. Re3 Kd7 30. c5 dxc5 31. Rd3+ Ke6 32. Rd8 Bd6 33. Re8+ Kd7 34. Rg8 Bxf4 35. Rxg6 Rg2 36. Rg7+ Kc8 37. g6 Be3 38. Ka3 f4 39. Rg8+ Kc7 40. g7 Bd4 41. Rf8 Bxf6 42. g8=Q Rxg8 43. Rxg8 Bd4 44. Rf8 c4 45. Rxf4 Bc5+ 46. Kb2 cxb3 47. axb3 Bd6 48. Re4 Kb6 49. Re2 Bc5 50. c3 a6 51. Re4 Bd6 52. b4 Kc7 53. Kb3 Kb6 54. Rg4 a5 55. Rg6 Bc7 56. Kc4 axb4 57. cxb4 Be5 58. Rg5 Bf4 59. Rg6 Be5 60. Re6 Bf4 61. Re2 Bd6 62. Re6 Bg3 63. Rg6 Bf4 64. Kb3 Be5 65. Ka4 Bf4 66. Re6 Bg3 67. Kb3 Bf4 68. Re2 Bc7 69. Rg2 Bf4 70. Rg6 Bc7 71. Kc4 Bf4 72. Rg7 Bg3 73. Rf7 Bh2 74. Rf2 Bg3 75. Rg2 Bc7 76. Rg6 1/2-1/2


[Site "https://www.chess.com"]

[Event "Titled Tuesday Blitz August 15 Early 2023"]
[White "Nithyalakshmi, Sivanesan"]
[Black "Johnson, Ben"]
[WhiteFideId "5706955"]
[BlackFideId "2010917"]
[WhiteElo "2338"]
[BlackElo "2158"]
[Result "1-0"]
[Round "9"]
[TimeControl "180+1"]
[Date "2023.08.15"]
[WhiteClock "0:00:54"]
[BlackClock "0:00:09"]
[Board "139"]

1. e4 c5 2. Nc3 Nc6 3. Bb5 Nd4 4. Nf3 a6 5. Bd3 Nc6 6. O-O d6 7. b3 Nf6 8. Bb2 e5 9. h3 g6 10. Ne2 Bg7 11. Nh2 Nb4 12. Bc4 b5 13. a3 Nc6 14. Bd5 Nxd5 15. exd5 Nd4 16. Nxd4 cxd4 17. a4 Bb7 18. c4 O-O 19. d3 f5 20. Nf3 bxa4 21. Rxa4 Qb6 22. Qd2 Qxb3 23. Rb4 Qa2 24. Rxb7 Rfb8 25. Qb4 1-0


[Site "https://www.chess.com"]

[Event "Titled Tuesday Blitz August 15 Early 2023"]
[White "Li, Hui"]
[Black "Seifert, Henryk"]
[WhiteFideId "15400310"]
[BlackFideId "1100963"]
[WhiteElo "2338"]
[BlackElo "2096"]
[Result "0-1"]
[Round "9"]
[TimeControl "180+1"]
[Date "2023.08.15"]
[WhiteClock "0:00:00"]
[BlackClock "0:00:27"]
[Board "140"]

1. e4 e6 2. d4 d5 3. Nd2 Nf6 4. e5 Nfd7 5. Bd3 c5 6. c3 Nc6 7. Ne2 Qb6 8. Nf3 cxd4 9. cxd4 f6 10. exf6 Nxf6 11. O-O Bd6 12. Bf4 Bxf4 13. Nxf4 Qxb2 14. Re1 O-O 15. Re2 Qa3 16. Nxe6 Bxe6 17. Rxe6 Rae8 18. Rxe8 Rxe8 19. Qb3 Qxb3 20. axb3 a6 21. h3 g6 22. Rc1 Re7 23. Bxa6 Nxd4 24. Nxd4 bxa6 25. Rc6 Re1+ 26. Kh2 Ne4 27. Rxa6 Nxf2 28. b4 Rh1+ 29. Kg3 Ne4+ 30. Kf4 Rb1 31. b5 Rb4 32. Ke5 Nc3 33. Ra8+ Kg7 34. Ra7+ Kh6 35. Rb7 Rb1 36. b6 Na4 37. g4 Nxb6 38. h4 Nc4+ 39. Kxd5 Rxb7 40. Kxc4 Kg7 41. Kd5 Ra7 42. Ke5 Ra5+ 43. Ke4 Ra4 44. Ke5 h6 45. g5 h5 46. Ne6+ Kf7 47. Nd8+ Ke7 48. Nc6+ Kf7 49. Nd8+ Kg7 50. Ne6+ Kh7 51. Nf4 Ra5+ 0-1


[Site "https://www.chess.com"]

[Event "Titled Tuesday Blitz August 15 Early 2023"]
[White "Ziatdinov, Raset"]
[Black "Kriti Mayur Patel"]
[WhiteFideId "2015323"]
[BlackFideId "35061780"]
[WhiteElo "2337"]
[BlackElo "2088"]
[Result "1-0"]
[Round "9"]
[TimeControl "180+1"]
[Date "2023.08.15"]
[WhiteClock "0:00:05"]
[BlackClock "0:00:10"]
[Board "141"]

1. e4 e5 2. Nf3 Nc6 3. Bb5 a6 4. Ba4 Nf6 5. O-O b5 6. Bb3 Bc5 7. c3 d6 8. a4 Rb8 9. axb5 axb5 10. d4 Bb6 11. h3 O-O 12. Re1 Re8 13. Bg5 h6 14. Bh4 g5 15. Nxg5 hxg5 16. Bxg5 exd4 17. Qf3 Kg7 18. Qg3 Nh5 19. Qh4 f6 20. Qxh5 fxg5 21. e5 Nxe5 22. Nd2 Rh8 23. Qe2 d3 24. Qd1 Qf6 25. Ne4 Qf4 26. Bd5 Bxh3 27. gxh3 Nf3+ 28. Kf1 Rxh3 29. Ng3 Rxg3 30. fxg3 Nd2+ 31. Kg2 Qf2+ 32. Kh3 Rh8+ 33. Kg4 Kg6 34. Rf1 Qe3 35. Bf7+ Kg7 36. Qe1 Qxe1 37. Raxe1 Nb3 38. Re7 d2 39. Bxb3+ Kg6 40. Re6+ Kg7 41. Re7+ Kg6 42. Bf7+ Kh6 43. Rf6+ Kg7 44. Rf1 Kf8 45. Re8+ Kg7 46. Rxh8 Kxh8 47. Rd1 Be3 48. Kf3 Bc5 49. Rxd2 Kg7 50. Bb3 Kf6 51. Re2 Kf5 52. Re6 c6 53. g4# 1-0


[Site "https://www.chess.com"]

[Event "Titled Tuesday Blitz August 15 Early 2023"]
[White "Martinez, Shawn"]
[Black "Nikulina, Alena"]
[WhiteFideId "2039770"]
[BlackFideId "4172051"]
[WhiteElo "2336"]
[BlackElo "2084"]
[Result "0-1"]
[Round "9"]
[TimeControl "180+1"]
[Date "2023.08.15"]
[WhiteClock "0:00:07"]
[BlackClock "0:00:10"]
[Board "142"]

1. e4 c5 2. Nc3 e6 3. g3 Nc6 4. Bg2 g6 5. Nge2 Bg7 6. O-O Nge7 7. d3 O-O 8. Be3 b6 9. Qd2 d5 10. Bh6 d4 11. Nd1 e5 12. Bxg7 Kxg7 13. f4 Bg4 14. Nf2 Qd7 15. h3 Be6 16. g4 f5 17. fxe5 fxg4 18. Nf4 g3 19. Nxe6+ Qxe6 20. Ng4 Nxe5 21. Qh6+ Kg8 22. Qg5 Nxg4 23. hxg4 Rf2 24. Rxf2 gxf2+ 25. Kxf2 Rf8+ 26. Kg1 Nc6 27. Qd5 Qxd5 28. exd5 Nb4 29. Re1 Nxc2 30. Re7 Rf7 31. Re8+ Kg7 32. d6 Ne3 33. Bc6 Rf1+ 34. Kh2 Nxg4+ 35. Kg3 Nf6 36. d7 Nxd7 37. Bxd7 Rd1 38. Bb5 Rd2 39. Bc4 Rxb2 40. a4 h5 41. Re7+ Kf6 42. Rxa7 g5 43. Ra6 Kf5 44. Bd5 h4+ 45. Kh3 Kf4 46. Be4 g4+ 47. Kxh4 Rh2# 0-1


[Site "https://www.chess.com"]

[Event "Titled Tuesday Blitz August 15 Early 2023"]
[White "Wilson, Otis"]
[Black "Saito, Vinicius"]
[WhiteFideId "30904021"]
[BlackFideId "2113384"]
[WhiteElo "1998"]
[BlackElo "2335"]
[Result "0-1"]
[Round "9"]
[TimeControl "180+1"]
[Date "2023.08.15"]
[WhiteClock "0:00:00"]
[BlackClock "0:00:58"]
[Board "143"]

1. d4 Nf6 2. c4 g6 3. Nc3 Bg7 4. e4 d6 5. Be2 O-O 6. Be3 Na6 7. h4 h5 8. f3 e5 9. Nh3 c6 10. dxe5 dxe5 11. Qxd8 Rxd8 12. a3 Nc7 13. Rd1 Rxd1+ 14. Kxd1 Ne6 15. Kc1 Bf8 16. Rd1 b6 17. Nf2 Bb7 18. Nd3 Nd7 19. g4 hxg4 20. fxg4 Rd8 21. h5 Be7 22. hxg6 fxg6 23. c5 b5 24. b4 Bc8 25. Rd2 Bf6 26. Bd1 Nd4 27. Nxe5 Nxe5 28. Bxd4 Nc4 29. Bxf6 Rxd2 30. Bb3 Rf2 31. g5 Be6 32. a4 a6 33. axb5 axb5 34. e5 Kf7 35. Ne4 Rf1+ 36. Kc2 Bf5 0-1


[Site "https://www.chess.com"]

[Event "Titled Tuesday Blitz August 15 Early 2023"]
[White "Baghdasaryan, Vahe"]
[Black "Blokhin, Sofia"]
[WhiteFideId "13303139"]
[BlackFideId "4508190"]
[WhiteElo "2416"]
[BlackElo "2280"]
[Result "0-1"]
[Round "9"]
[TimeControl "180+1"]
[Date "2023.08.15"]
[WhiteClock "0:00:02"]
[BlackClock "0:01:20"]
[Board "144"]

1. e4 c5 2. c3 e6 3. d4 d5 4. exd5 exd5 5. Nf3 Nf6 6. Bb5+ Nc6 7. O-O Be7 8. dxc5 Bxc5 9. Re1+ Be6 10. Ng5 O-O 11. h3 Qb6 12. Qe2 Bxf2+ 13. Qxf2 Qxb5 14. Na3 Qd3 15. Bf4 h6 16. Rad1 Qf5 17. Nxe6 fxe6 18. Bd6 Qxf2+ 19. Kxf2 Ne4+ 20. Kg1 Nxd6 21. Rxe6 Rad8 22. Rxd5 Rf6 23. Rxf6 gxf6 24. c4 b6 25. Rh5 Kg7 26. Kh2 Ne5 27. Rh4 Rc8 28. Re4 Nxe4 29. b3 Rd8 30. Nb5 Rd2 31. a4 Nf3+ 32. Kh1 Rd1# 0-1


[Site "https://www.chess.com"]

[Event "Titled Tuesday Blitz August 15 Early 2023"]
[White "Buscar, Michael"]
[Black "Barwinska, Ewa"]
[WhiteFideId "2603616"]
[BlackFideId "21833761"]
[WhiteElo "2392"]
[BlackElo "2278"]
[Result "0-1"]
[Round "9"]
[TimeControl "180+1"]
[Date "2023.08.15"]
[WhiteClock "0:00:00"]
[BlackClock "0:00:34"]
[Board "145"]

1. Nf3 d5 2. b3 c5 3. Bb2 Nc6 4. e3 Bg4 5. c4 d4 6. exd4 Nxd4 7. Bxd4 cxd4 8. d3 e5 9. Be2 Bd6 10. O-O Be6 11. Nbd2 f5 12. c5 Bc7 13. Nc4 Bxc4 14. bxc4 Nf6 15. Rb1 b6 16. Qa4+ Qd7 17. Qxd7+ Kxd7 18. cxb6 axb6 19. Rb5 Rhe8 20. Ra1 h6 21. Bf1 g5 22. g3 Ra3 23. Re1 Ra5 24. Rxa5 bxa5 25. Rb1 Rb8 26. Rxb8 Bxb8 27. Nd2 Kc6 28. Nb3 a4 29. Bg2+ Kb6 30. Nd2 Kc5 31. a3 Bc7 32. Bh3 g4 33. Bg2 Ba5 34. Nb1 e4 35. Bf1 Nd7 36. Be2 Ne5 37. dxe4 fxe4 38. Kf1 d3 39. Bd1 Kxc4 0-1


[Site "https://www.chess.com"]

[Event "Titled Tuesday Blitz August 15 Early 2023"]
[White "Valle Maytin, Luis Enrique"]
[Black "Rodriguez Santiago, Jaime"]
[WhiteFideId "3503666"]
[BlackFideId "3100898"]
[WhiteElo "2368"]
[BlackElo "2273"]
[Result "1/2-1/2"]
[Round "9"]
[TimeControl "180+1"]
[Date "2023.08.15"]
[WhiteClock "0:00:05"]
[BlackClock "0:00:05"]
[Board "146"]

1. d4 Nf6 2. Nf3 e6 3. e3 d5 4. Bd3 c5 5. O-O Nc6 6. Nbd2 Be7 7. b3 cxd4 8. exd4 O-O 9. Bb2 b6 10. Qe2 Bb7 11. a4 Nb4 12. Ne5 Nxd3 13. Qxd3 Rc8 14. c3 Ne4 15. f3 Nd6 16. Rfe1 Re8 17. Ba3 f6 18. Ng4 Bf8 19. Rac1 Qd7 20. Bb4 a5 21. Ba3 Bc6 22. h4 h5 23. Nf2 Nf5 24. Nh3 Nxh4 25. Nf4 Qf7 26. Re2 Bd7 27. Bxf8 Rxf8 28. Rce1 Rfe8 29. c4 dxc4 30. Nxc4 g5 31. Nd6 Qg7 32. Nxh5 Qh6 33. Ng3 Ng6 34. Nxc8 Bxc8 35. d5 e5 36. d6 Bd7 37. Rc1 Nf4 38. Qc4+ Be6 39. Qb5 Rd8 40. Rd2 g4 41. Rf1 Nh3+ 42. gxh3 Qxd2 43. hxg4 Qxd6 44. Ne4 Qd4+ 45. Kg2 Qb2+ 46. Rf2 Qxb3 47. Nxf6+ Kf7 48. Qxb3 Bxb3 49. Ne4 Bxa4 50. f4 exf4 51. Rxf4+ Ke6 52. g5 Bc2 53. Nc3 Rd2+ 54. Kf1 Ke5 55. Rg4 b5 56. Nxb5 Bd3+ 57. Ke1 Re2+ 58. Kd1 Bxb5 59. g6 Kf6 60. g7 Re8 61. g8=Q Be2+ 62. Kd2 Rxg8 63. Rxg8 Bb5 64. Ra8 Bd7 65. Rxa5 Be6 66. Ra6 Ke7 67. Rxe6+ Kxe6 1/2-1/2


[Site "https://www.chess.com"]

[Event "Titled Tuesday Blitz August 15 Early 2023"]
[White "Kula, Robert"]
[Black "Shapiro, Daniel"]
[WhiteFideId "1101218"]
[BlackFideId "2001780"]
[WhiteElo "2242"]
[BlackElo "2293"]
[Result "0-1"]
[Round "9"]
[TimeControl "180+1"]
[Date "2023.08.15"]
[WhiteClock "0:00:14"]
[BlackClock "0:00:13"]
[Board "147"]

1. e4 c5 2. c4 e6 3. Nc3 Nc6 4. d3 g6 5. Be3 b6 6. f4 d6 7. Nf3 Bg7 8. g3 Nge7 9. Bg2 Bb7 10. O-O O-O 11. a3 f5 12. Rb1 Qd7 13. Re1 Rad8 14. Qe2 d5 15. exd5 exd5 16. cxd5 Nxd5 17. Nxd5 Qxd5 18. Ng5 Qd7 19. d4 Nxd4 20. Qc4+ Bd5 21. Bxd5+ Qxd5 22. Qxd5+ Rxd5 23. Bxd4 Bxd4+ 24. Kg2 Bf6 25. Nf3 Kf7 26. b3 Rfd8 27. Re2 Rd3 28. b4 c4 29. a4 Re8 30. Rc2 c3 31. Rb3 Ree3 32. Ng1 Rd2+ 33. Rxd2 cxd2 34. Rxe3 d1=Q 35. Nf3 Qxa4 36. Rd3 Ke7 37. Re3+ Kd7 38. Rd3+ Kc6 39. h4 Qxb4 40. Kh3 a5 41. Nd2 a4 42. Nf3 a3 43. h5 a2 44. Rd1 a1=Q 45. Rxa1 Bxa1 46. hxg6 hxg6 47. Nh4 Qd6 48. Nf3 Qf6 49. Ng5 Bd4 50. Nh7 Qh8 51. Kg2 Qxh7 52. Kf3 b5 53. Ke2 Kc5 54. Kd3 b4 55. g4 b3 56. g5 b2 57. Kd2 Qh2+ 58. Kd3 b1=Q# 0-1


[Site "https://www.chess.com"]

[Event "Titled Tuesday Blitz August 15 Early 2023"]
[White "Zampronha, Wladimir Camilo"]
[Black "Smietanska, Wiktoria"]
[WhiteFideId "2103087"]
[BlackFideId "21869359"]
[WhiteElo "2232"]
[BlackElo "2282"]
[Result "0-1"]
[Round "9"]
[TimeControl "180+1"]
[Date "2023.08.15"]
[WhiteClock "0:00:35"]
[BlackClock "0:00:31"]
[Board "148"]

1. e4 c5 2. Nf3 d6 3. d4 cxd4 4. Nxd4 Nf6 5. Nc3 a6 6. Bg5 Nbd7 7. f4 Qc7 8. Qf3 b5 9. O-O-O Bb7 10. Bd3 b4 11. Nd5 Nxd5 12. exd5 Nb6 13. Nc6 Nxd5 14. Qxd5 Qxc6 15. Qd4 e6 16. Rhe1 Qc5 17. Qxc5 dxc5 18. Be4 Bxe4 19. Rxe4 Be7 20. c3 Bxg5 21. fxg5 bxc3 22. bxc3 Ke7 23. Ra4 Rhd8 24. Rxd8 Kxd8 25. Ra5 c4 26. Ra4 Kd7 27. Rxc4 Kd6 28. Rh4 Rh8 29. Ra4 Ra8 30. Rh4 Rc8 31. Rxh7 Rxc3+ 32. Kb2 Re3 33. g4 Re2+ 34. Kb3 Re3+ 35. Kc4 Re4+ 36. Kd3 Rxg4 37. h4 Ke7 38. Rxg7 Rxh4 39. g6 Rf4 40. gxf7 Rxf7 41. Rg8 Rf2 42. a4 Rf4 43. Kc3 Rxa4 44. Rb8 Kd6 45. Kb3 Ra1 46. Kb2 Ra5 47. Kb3 Rb5+ 0-1


[Site "https://www.chess.com"]

[Event "Titled Tuesday Blitz August 15 Early 2023"]
[White "Kaminski, Victor"]
[Black "Vila Dupla, Aurelio"]
[WhiteFideId "1131630"]
[BlackFideId "2203383"]
[WhiteElo "2282"]
[BlackElo "2118"]
[Result "0-1"]
[Round "9"]
[TimeControl "180+1"]
[Date "2023.08.15"]
[WhiteClock "0:00:00"]
[BlackClock "0:00:07"]
[Board "149"]

1. e4 c5 2. Nf3 d6 3. d4 cxd4 4. Nxd4 Nf6 5. Nc3 g6 6. f4 Nc6 7. Be2 Bg7 8. Be3 O-O 9. O-O Qb6 10. Qd2 Nxe4 11. Nxe4 Bxd4 12. Bxd4 Qxd4+ 13. Qxd4 Nxd4 14. Bd3 Bf5 15. c3 Nc6 16. Rae1 e6 17. Re3 Bxe4 18. Bxe4 d5 19. Bf3 Rad8 20. Rd1 Na5 21. Be2 Rc8 22. Rd4 Nc6 23. Rd2 Rfd8 24. Kf2 Na5 25. Rd4 Nc4 26. Bxc4 Rxc4 27. Ree4 Rxd4 28. Rxd4 Rc8 29. Ke3 Kf8 30. a4 Ke7 31. Rb4 Rc7 32. g4 f6 33. Kd4 Kd6 34. b3 e5+ 35. fxe5+ fxe5+ 36. Kd3 Rf7 37. Ke3 b6 38. a5 Rb7 39. a6 Rf7 40. Rb5 Rf1 41. c4 d4+ 42. Ke2 Ra1 43. c5+ bxc5 44. Rb7 Rxa6 45. Rxh7 Ra2+ 46. Kd3 Ra3 47. Kc4 e4 48. Rg7 e3 49. Rxg6+ Ke5 50. Rg5+ Kf4 51. Rxc5 e2 52. Rf5+ Kxg4 53. Re5 Kf3 54. Kxd4 Rxb3 55. Rf5+ Kg4 56. Re5 Rb2 57. Kd3 Kf3 58. Re3+ Kf2 59. Re6 e1=Q 60. Rxe1 Kxe1 61. h4 Rh2 0-1


[Site "https://www.chess.com"]